 Dungeon Crawl Stone Soup version 0.20-a0-927-g1ae2c61 (webtiles) character file.

107 dngmouse the Sneak (level 4, 0/21 HPs)
             Began as a Spriggan Conjurer on Mar 28, 2017.
             Was an Initiate of Gozag.
             Succumbed to Crazy Yiuf's poison
             ... on level 2 of the Dungeon.
             The game lasted 00:10:06 (2665 turns).

dngmouse the Sneak (Spriggan Conjurer)              Turns: 2665, Time: 00:10:06

Health: 0/21       AC:  2    Str:  4    XL:     4   Next: 56%
Magic:  0/11       EV: 20    Int: 18    God:    Gozag
Gold:   209        SH:  0    Dex: 17    Spells: 2/10 levels left

rFire    . . .     SeeInvis +   m - +2 dagger (holy)
rCold    . . .     Gourm    .   (shield restricted)
rNeg     . . .     Faith    .   a - +0 robe
rPois    .         Spirit   .   (helmet restricted)
rElec    .         Reflect  .   (no cloak)
rCorr    .         Harm     .   (gloves unavailable)
MR       .....                  (boots unavailable)
Stlth    +++.......             (no amulet)
Regen    0.1/turn               (no ring)
MPRegen  0.2/turn               (no ring)

@: lethally poisoned (0 -> -12), very slightly contaminated, very quick
A: unfitting armour, see invisible, clever 1, herbivore 3, speed 3, high mp 1,
slow metabolism 2
a: Potion Petition, Call Merchant, Bribe Branch, Renounce Religion


You were on level 2 of the Dungeon.
You worshipped Gozag.
Gozag was aware of your devotion.
You were not hungry.

You visited 1 branch of the dungeon, and saw 2 of its levels.

You collected 256 gold pieces.
You paid 47 gold pieces to Gozag.

Inventory:

Hand Weapons
 m - a +2 dagger of holy wrath (weapon)
Armour
 a - a +0 robe (worn)
Scrolls
 d - a scroll of recharging
 g - 3 scrolls of identify
 h - a scroll of amnesia {unknown}
 i - a scroll of teleportation {unknown}
 k - 2 scrolls of remove curse {unknown}
 l - a scroll of immolation {unknown}
 o - a scroll of blinking {unknown}
 p - a scroll of enchant armour {unknown}
 s - a scroll of magic mapping {unknown}
 t - a scroll of enchant weapon {unknown}
Potions
 f - a potion of brilliance {unknown}
 j - 3 potions of curing {unknown}
 q - 3 potions of flight {unknown}
 r - a potion of resistance {unknown}
Books
 b - a book of Conjurations

   Spells                             Type                      Level
   a - Magic Dart                     Conjuration                  1
   b - Searing Ray                    Conjuration                  2
   c - Dazzling Spray                 Conjuration/Hexes            3
   d - Fulminant Prism                Conjuration/Hexes            4
   e - Force Lance                    Conjuration/Translocation    4
   f - Iskenderun's Mystic Blast      Conjuration                  4
 n - a book of Cantrips

   Spells                             Type                      Level
   a - Confusing Touch                Hexes                        1
   b - Animate Skeleton               Necromancy                   1
   c - Summon Small Mammal            Summoning                    1
   d - Apportation                    Translocation                1
Comestibles
 c - 3 bread rations
 u - a royal jelly


   Skills:
 + Level 4.6 Dodging
 + Level 5.0 Stealth
 + Level 3.9 Spellcasting
 - Level 3.0 Conjurations
 + Level 0.8 Hexes


You had 2 spell levels left.
You knew the following spells:

 Your Spells              Type           Power        Failure   Level  Hunger
a - Magic Dart            Conj           ##..         6%          1    None
b - Dazzling Spray        Conj/Hex       ##....       24%         3    ###....
c - Fulminant Prism       Conj/Hex       ##........   78%         4    ####...


Dungeon Overview and Level Annotations

Branches:
Dungeon (2/15)

Altars:
Cheibriados
Fedhas
Gozag
Makhleb
Qazlal
Ru
Trog
Uskayaw
Vehumet
Wu Jian
Yredelemnul
Zin
The Shining One

Annotations:
D:2 Crazy Yiuf


Innate Abilities, Weirdness & Mutations

You are very small and have problems with some larger weapons.
You are too small for most types of armour.
You have supernaturally acute eyesight. (SInv)
You are a herbivore.
You cover ground extremely quickly.
You need consume almost no food.
Your mind is acute. (Int +2)
You have an increased reservoir of magic. (+10% MP)


Message History

Casting: Magic Dart
Confirm with . or Enter, or press ? or * to list all spells.
Aiming: Magic Dart
Press: ? - help, Shift-Dir - straight line, f/p - Crazy Yiuf
Aim: Crazy Yiuf, wielding a quarterstaff of chaos and wearing a cloak (severely wounded)
The magic dart hits Crazy Yiuf.
Crazy Yiuf is severely wounded.
Crazy Yiuf hits you with a quarterstaff of chaos.
You are poisoned.
You hit Crazy Yiuf but do no damage.
Crazy Yiuf is severely wounded.
You feel sick.
Crazy Yiuf hits you with a quarterstaff of chaos!
* * * LOW HITPOINT WARNING * * *
Crazy Yiuf freezes you.
* * * LOW HITPOINT WARNING * * *
It was a potion of mutation.
You feel extremely strange.
You feel clever.
You feel more energetic.
You die...
Your body crumbles into a pile of gold.

.##.##.#
#........####.#####.#
.##.##.# #........## #.#
#.# .##.##.# #.....#...#
#.# #.# .##.##.#
########### #.# #.#
....##.# #.# ##.#
.#####.## #.####..##
..#.....##♣♣ ###
#......... ..#.##....P♣♣
♣♣#..)# #..†#.#.#.
..#.#.......♣♣♣♣@g...#
#.........
..#.#.....PP.♣..♣#...#
#.#.#.#.#.
#.#.#..#..P.♣.♣♣♣ ###
#.#....... #.#.#..###♣♣♣♣♣
#.#.#.#.#. #.#.#..#
#.#.......
#.#.#..###########
###.###...##
#.#.#............#
#.#......##
#...#.#######...##
#...###.##
#...#...........#######..#
#.#


You could see Crazy Yiuf.

Vanquished Creatures
  Jessica (D:2)
  4 adders (D:2)
  A worm (D:2)
  2 dart slugs (D:2)
  A leopard gecko (D:2)
  2 giant cockroaches (D:2)
  4 goblins (D:1)
  2 hobgoblins
  8 jackals (D:2)
  2 ball pythons (D:2)
  5 bats
  5 frilled lizards
  3 kobolds (D:2)
  A rat (D:2)
41 creatures vanquished.

Notes
Turn   | Place    | Note
-------+----------+-------------------------------------------
     0 | D:1      | dngmouse the Spriggan Conjurer began the quest for the Orb.
     0 | D:1      | Reached XP level 1. HP: 9/9 MP: 5/5
   453 | D:1      | Reached XP level 2. HP: 13/13 MP: 2/7
   750 | D:1      | Found a snail-covered altar of Cheibriados.
  1259 | D:2      | Noticed Jessica
  1263 | D:2      | Killed Jessica
  1263 | D:2      | Reached skill level 4 in Stealth
  1263 | D:2      | Reached XP level 3. HP: 2/16 MP: 3/8
  1540 | D:2      | Learned a level 3 spell: Dazzling Spray
  1733 | D:2      | Found a stormy altar of Qazlal.
  1752 | D:2      | Found a radiant altar of Vehumet.
  1755 | D:2      | Found a sacrificial altar of Ru.
  1756 | D:2      | Found an ornate altar of the Wu Jian Council.
  1757 | D:2      | Found an opulent altar of Gozag.
  1757 | D:2      | Found a blossoming altar of Fedhas.
  1757 | D:2      | Found a snail-covered altar of Cheibriados.
  1757 | D:2      | Found a hide-covered altar of Uskayaw.
  1757 | D:2      | Found a basalt altar of Yredelemnul.
  1761 | D:2      | Found a glowing golden altar of the Shining One.
  1763 | D:2      | Found a glowing silver altar of Zin.
  1771 | D:2      | Found a bloodstained altar of Trog.
  1772 | D:2      | Found a burning altar of Makhleb.
  1781 | D:2      | Became a worshipper of Gozag Ym Sagoz the Greedy
  1893 | D:2      | Reached XP level 4. HP: 21/21 MP: 3/10
  1911 | D:2      | Learned a level 4 spell: Fulminant Prism
  2056 | D:2      | Found a glowing golden altar of the Shining One.
  2326 | D:2      | Found a runed door.
  2518 | D:2      | Reached skill level 5 in Stealth
  2646 | D:2      | Noticed Crazy Yiuf
  2664 | D:2      | HP: 1/21 [Crazy Yiuf/quarterstaff of chaos (4)]
  2665 | D:2      | Gained mutation: Your mind is acute. (Int +2) [potion of mutation]
  2665 | D:2      | Gained mutation: You have an increased reservoir of magic. (+10% MP) [potion of mutation]
  2665 | D:2      | Succumbed to Crazy Yiuf's poison

Vault maps used:
D:1:      roderic_dead_forest, st_stairs_12, cheibriados_altar_1
D:2:      minitemple, serial_glass, glass_columns_a, glass_columns_b,
          st_stairs_4, moated_statue, corexii_leaking_fountain, tso_metal_star,
          uniq_jessica, uniq_crazy_yiuf_cottage

Skill      XL: |  1  2  3  4 |
---------------+-------------+-----
Spellcasting   | 3 |  3.9
Dodging        | 4 |  4.6
Stealth        | 4 5 |  5.0
Conjurations   | 3 |  3.0
Hexes          | |  0.8

Action                   |  1- 3 |  4- 6 || total
-------------------------+-------+-------++-------
Melee: Dagger            |     2 |    19 ||    21
 Cast: Magic Dart        |    64 |    43 ||   107
  Use: Scroll            |     2 |       ||     2
       Potion            |       |     1 ||     1
Armor: Robe              |     1 |     1 ||     2
Dodge: Dodged            |    22 |    15 ||    37
